 Dungeon Crawl Stone Soup version 0.28-a0-631-g0446da8ef9 (webtiles) character file.

Game seed: 12534068538748712054

17 OfficerJojo the Grave Robber (level 2, -1/15 HPs)
             Began as a Vampire Necromancer on Oct 10, 2021.
             Slain by a rat (3 damage)
             ... on level 2 of the Dungeon.
             The game lasted 00:04:20 (1162 turns).

OfficerJojo the Grave Robber (Vampire Necromancer)  Turns: 1162, Time: 00:04:21

Health: -1/15      AC:  2    Str:  7    XL:     2   Next: 44%
Magic:  3/5        EV: 12    Int: 17    God:
Gold:   14         SH:  0    Dex: 14    Spells: 3/5 levels left

rFire   . . .      SeeInvis +   (no weapon)
rCold   . . .      Faith    .   (no shield)
rNeg    . . .      Spirit   .   a - +0 robe
rPois   .          Reflect  .   (no helmet)
rElec   .          Harm     .   (no cloak)
rCorr   .          Rampage  .   (no gloves)
Will    .....                   (no boots)
Stlth   ++........              (no amulet)
HPRegen 0.25/turn               (no ring)
MPRegen 0.09/turn               (no ring)

@: healing quickly
A: alive, fangs 3, see invisible, vampiric 1, [frail 2]
a: Exsanguinate


You were on level 2 of the Dungeon.
You visited 1 branch of the dungeon, and saw 2 of its levels.

You collected 14 gold pieces.

Inventory:

Armour
 a - a +0 robe (worn)
Scrolls
 b - a scroll of identify {unknown}
 d - a scroll of fear {unknown}
 f - a scroll of amnesia {unknown}
Potions
 c - a potion of haste {unknown}
 e - a potion of degeneration {unknown}


   Skills:
 + Level 2.4 Dodging
 + Level 3.4 Stealth
 + Level 0.9 Unarmed Combat
 + Level 2.2 Spellcasting
 + Level 4.5 Necromancy


You had 3 spell levels left.
You knew the following spells:

 Your Spells              Type           Power      Damage    Failure   Level
a - Pain                  Necr           68%        1d7       3%          1
b - Animate Skeleton      Necr           34%        N/A       3%          1

Your spell library contained the following spells:

 Spells                   Type           Power      Damage    Failure   Level
 Vampiric Draining        Necr           8%         2d7       9%          3
 Magic Dart               Conj           4%         1d3       19%         1
 Searing Ray              Conj           2%         2d4       28%         2
 Animate Dead             Necr           8%         N/A       28%         4
 Agony                    Necr           17%        N/A       63%         5
 Fulminant Prism          Conj/Hex       0%         3d6       88%         4


Dungeon Overview and Level Annotations

Branches:
Dungeon (2/15)

Altars:

Shops:
D:1 !


Innate Abilities, Weirdness & Mutations

Your natural rate of healing is accelerated.
You have razor-sharp teeth.
You have supernaturally acute eyesight. (SInv)
You are afflicted with vampirism.
[You are very frail. (-20% HP)]


Message History

The quokka is severely wounded.
The quokka bites you. The quokka closely misses you.
You hit the quokka but do no damage.
The quokka is severely wounded.
A rat comes into view.
The quokka closely misses you.
You hit the quokka.
You kill the quokka!
The bat completely misses you.
Your magical contamination has completely faded away.
You hit the bat.
The bat is heavily wounded.
The bat hits you. The bat hits you but does no damage.
You closely miss the hobgoblin. The bat hits you.
The hobgoblin closely misses you. The bat hits you.
There is a stone staircase leading up here.
You hit the bat. Your bite misses the bat.
The bat is severely wounded.
The bat closely misses you.
You hit the bat.
You kill the bat!
You hit the hobgoblin.
The hobgoblin is heavily wounded.
The hobgoblin hits you.
* * * LOW HITPOINT WARNING * * *
Unknown command.
Casting: Pain (safe; 3% risk of failure)
Confirm with . or Enter, or press ? or * to list all spells.
Aiming: Pain (safe; 3% risk of failure)
Press: ? - help, Shift-Dir - straight line, f - hobgoblin
Aim: a hobgoblin (heavily wounded, chance to affect: 87%)
The hobgoblin writhes in agony!
You kill the hobgoblin!
You closely miss the rat. The rat closely misses you.
You hit the rat but do no damage. You bite the rat, but do no damage.
The rat bites you.
* * * LOW HITPOINT WARNING * * *
You completely miss the rat. The rat bites you.
You die...

... ... #..
##### #.# #
.....#.#.#
####..#†#.####.
...............
####.##r####.#.
####.##@####.#.#
................
##.#.#######.#.#
#


You could see a rat.

Vanquished Creatures
  A giant cockroach (D:1)
  A goblin (D:1)
  2 hobgoblins
  2 jackals (D:1)
  4 quokkas
  2 bats
  2 frilled lizards
14 creatures vanquished.

Notes
Turn   | Place    | Note
-------+----------+-------------------------------------------
     0 | D:1      | OfficerJojo the Vampire Necromancer began the quest for the
                  | Orb.
     0 | D:1      | Reached XP level 1. HP: 13/13 MP: 3/3
   165 | D:1      | Found Kejenous's Distillery.
   449 | D:1      | Found a faded altar of an unknown god.
   859 | D:1      | Reached XP level 2. HP: 17/17 MP: 3/5
  1100 | D:1      | Learned a level 1 spell: Animate Skeleton
  1162 | D:2      | Slain by a rat

Illustrated notes

Levels and vault maps discovered:
D:1:      evilmike_arrival_rings, layout_basic,
          hellmonk_ecumenical_altar_arch_garden, serial_shops, shop,
          serial_bayou_crossing
D:2:      layout_basic

Action                   || total
-------------------------++-------
Melee: Unarmed           ||    36
       Bite              ||     1
 Cast: Pain              ||    20
 Abil: Exsanguinate      ||     2
       Revivify          ||     2
Armor: Robe              ||    10
Dodge: Dodged            ||    35

Table legend: (Time is in decaauts)
 A = Elapsed time spent in this place.
 B = Non-inter-level travel time spent in this place.
 C = Inter-level travel time spent in this place.
 D = Time resting spent in this place.
 E = Time spent auto-exploring this place.
 F = Levels seen in this place.
 G = Mean time per level.
                   A        B        C        D        E       F      G
               +--------+--------+--------+--------+--------+-----+--------+
         Total |   1173 |   1145 |     28 |    204 |    722 |   2 |  586.5 |
       Dungeon |   1173 |   1145 |     28 |    204 |    722 |   2 |  586.5 |
               +--------+--------+--------+--------+--------+-----+--------+

Top non-repeatable levels by time:
     D:1: 1136 daAuts
     D:2: 37 daAuts
